 Dungeon Sprint DCSS version 0.30-a0-737-gf23d94013f (webtiles) character file.

Game seed: 12299206133754666072

105 sircluck the Shield-Bearer (level 4, -9/49 HPs)
             Began as a Troll Fighter on Feb 2, 2023.
             Mangled by a slime creature (20 damage)
             ... in the Dungeon (Sprint I: "Red Sonja").
             The game lasted 00:01:45 (131 turns).

sircluck the Shield-Bearer (Troll Fighter)           Turns: 131, Time: 00:01:45

Health: -9/49      AC:  4    Str: 26    XL:     4   Next: 54%
Magic:  3/3        EV:  9    Int:  4    God:
Gold:   108        SH:  8    Dex:  9    Spells: 3/3 levels left

rFire   . . .      SeeInvis .      - Unarmed
rCold   . . .      Faith    .    b - +0 kite shield
rNeg    . . .      Spirit   .    a - +0 robe
rPois   .          Reflect  .    (helmet restricted)
rElec   .          Harm     .    (no cloak)
rCorr   .          Rampage  .    (gloves unavailable)
Will    .....      NoTele   +    (boots unavailable)
Stlth   +                        (no amulet)
HPRegen 1.08/turn                (no ring)
MPRegen 0.08/turn                (no ring)

@: no status effects
A: large, unfitting armour, claws 3, regeneration 1, shaggy fur 1, tough skin 1
a: no special abilities


You were in the Dungeon.
You visited 1 branch You collected 108 gold pieces.

Inventory:

Armour
 a - a +0 robe (worn)
 b - a +0 kite shield (worn)
Wands
 j - a wand of charming (4)
Scrolls
 i - a scroll of blinking
Potions
 c - a potion of might
 d - a potion of curing
 f - a potion of haste
 g - 2 potions of magic
 h - a potion of berserk rage


   Skills:
 + Level 4.8 Fighting
 + Level 4.7 Dodging
 + Level 4.9 Shields
 + Level 3.9 Unarmed Combat


You had 3 spell levels left.
You didn't know any spells.
Your spell library was empty.

Dungeon Overview and Level Annotations

Branches:
Dungeon (1/1)

Altars:
Makhleb
Xom
Jiyva
Lugonu

Annotations:
D Sigmund


Innate Abilities, Weirdness & Mutations

You are too large for most types of armour.
You have claws for hands.
Your natural rate of healing is unusually fast.
You are covered in fur. (AC +1)
You have tough skin. (AC +1)


Message History

A slime creature comes into view.
The slime creature quivers.
Found four altars.
The slime creature hits you.
There is an open door here.
You scratch the slime creature.
The slime creature is lightly wounded.
The slime creature hits you!
Sigmund completely misses the slime creature.
You claw the slime creature!
The slime creature is moderately wounded.
The slime creature closely misses you.
Sigmund hits the slime creature from afar with a +0 scythe.
The slime creature closely misses you.
You scratch the slime creature but do no damage.
The slime creature is moderately wounded.
You block the slime creature's attack.
Sigmund gestures wildly while chanting.
Sigmund flickers and vanishes for a moment.
You barely miss the slime creature.
The slime creature is moderately wounded.
The slime creature hits you.
Sigmund barely misses the slime creature.
You mangle the slime creature!!
The slime creature is heavily wounded.
The slime creature hits you!
You scratch the slime creature.
The slime creature is heavily wounded.
Sigmund hits the slime creature from afar with a +0 scythe!
You block the slime creature's attack.
You scratch the slime creature.
The slime creature is severely wounded.
The slime creature hits you!
* * * LOW HITPOINT WARNING * * *
Sigmund hits the slime creature from afar with a +0 scythe!
You scratch the slime creature.
The slime creature is almost dead.
Sigmund is no longer charmed.
You can no longer detect Sigmund.
The slime creature hits you!!
You die...

###################
#<.#..').#..'..#__#
#.)'..#..'..#.{@J.+
#..#####+#####+#__#
#..# ### #..# #..#
#⌠⌠# ####


You could see a slime creature.

Vanquished Creatures
  An ogre (D)
  Ijyb (D)
2 creatures vanquished.

Notes
Turn   | Place    | Note
-------+----------+-------------------------------------------
     0 | D        | sircluck the Troll Fighter began the quest for the Orb.
     0 | D        | Reached XP level 1. HP: 22/22 MP: 0/0
     2 | D        | Noticed Ijyb
    27 | D        | Killed Ijyb
    28 | D        | Reached XP level 2. HP: 29/31 MP: 1/1
    36 | D        | Noticed an ogre
    40 | D        | Killed an ogre
    41 | D        | Reached XP level 3. HP: 41/41 MP: 2/2
    41 | D        | Reached XP level 4. HP: 49/49 MP: 3/3
    46 | D        | Noticed Sigmund
   122 | D        | Found a burning altar of Makhleb.
   122 | D        | Found a viscous altar of Jiyva.
   122 | D        | Found a shimmering altar of Xom.
   122 | D        | Found a corrupted altar of Lugonu.
   122 | D        | Noticed a slime creature
   131 | D        | Mangled by a slime creature

Illustrated notes

Levels and vault maps discovered:
D:        dungeon_sprint_1 [red_sonja_temple_1, red_sonja_temple_small_1]

Skill      XL: |  1  2 |
---------------+-------+-----
Fighting       | 3 4 |  4.8
Dodging        | 3 4 |  4.7
Shields        | 3 4 |  4.9
Unarmed Combat | 3 |  3.9

Action                     |  1- 3 |  4- 6 || total
---------------------------+-------+-------++-------
  Melee: Unarmed           |    15 |    23 ||    38
  Evoke: Wand              |       |     3 ||     3
    Use: Potion            |       |     1 ||     1
 Armour: Robe              |     1 |       ||     1
         Skin              |       |     3 ||     3
  Dodge: Dodged            |     9 |     7 ||    16
  Block: Kite shield       |     2 |     2 ||     4

Table legend: (Time is in decaauts)
 A = Elapsed time spent in this place.
 B = Non-inter-level travel time spent in this place.
 C = Inter-level travel time spent in this place.
 D = Time resting spent in this place.
 E = Time spent auto-exploring this place.
 F = Levels seen in this place.
 G = Mean time per level.
                   A        B        C        D        E       F      G
               +--------+--------+--------+--------+--------+-----+--------+
         Total |    131 |    131 |      0 |      0 |      0 |   1 |  131.0 |
       Dungeon |    131 |    131 |      0 |      0 |      0 |   1 |  131.0 |
               +--------+--------+--------+--------+--------+-----+--------+

Top non-repeatable levels by time:
       D: 131 daAuts
